 Dungeon Crawl Stone Soup version 0.30-a0-696-g2367cd04db (webtiles) character file.

Game seed: 2780516217580760351

216 rogsnak the Skirmisher (level 5, -5/43 HPs)
             Began as a Gnoll Hunter on Jan 20, 2023.
             Slain by a gnoll
             ... wielding a +1 heavy spear
             ... led by a gnoll bouda
              (8 damage)
             ... on level 4 of the Dungeon on Jan 21, 2023.
             The game lasted 00:04:31 (1172 turns).

rogsnak the Skirmisher (Gnoll Hunter)               Turns: 1172, Time: 00:04:31

Health: -5/43      AC:  3    Str: 10    XL:     5   Next: 93%
Magic:  7/7        EV: 14    Int:  9    God:
Gold:   124        SH:  0    Dex: 17    Spells: 7/7 levels left

rFire   . . .      SeeInvis .    r - +1 morningstar (pain)
rCold   . . .      Faith    .    (no shield)
rNeg    . . .      Spirit   .    c - +0 leather armour
rPois   +          Reflect  .    (no helmet)
rElec   .          Harm     .    (no cloak)
rCorr   .          Rampage  .    (no gloves)
Will    .....                    (no boots)
Stlth   ++                       (no amulet)
HPRegen 0.27/turn                i - ring of poison resistance
MPRegen 0.10/turn                (no ring)

@: weakened
A: fangs 1, strong nose, distributed training
a: no special abilities


You were on level 4 of the Dungeon.
You visited 1 branch of the dungeon, and saw 3 of its levels.

You collected 124 gold pieces.

Inventory:

Hand Weapons
 a - a +0 shortbow
 f - a +0 club
 m - a +0 hand axe
 r - a +1 morningstar of pain (weapon)
 s - a +1 war axe of holy wrath
Missiles
 e - 33 stones
 o - 5 atropa-tipped darts
Armour
 c - a +0 leather armour (worn)
 q - a +2 scale mail of willpower
Jewellery
 i - a ring of poison resistance (left hand)
Scrolls
 b - a scroll of immolation
 d - 2 scrolls of identify {unknown}
 h - a scroll of fear {unknown}
 j - a scroll of poison {unknown}
Potions
 g - 3 potions of curing {unknown}
 k - a potion of lignification {unknown}
 l - a potion of might {unknown}
 n - a potion of mutation {unknown}
 p - a potion of ambrosia {unknown}


   Skills:
 + Level 4.9 Fighting
 + Level 1.8 Short Blades
 + Level 1.8 Long Blades
 + Level 1.8 Axes
 + Level 1.8 Maces & Flails
 + Level 1.8 Polearms
 + Level 1.8 Staves
 + Level 8.7 Ranged Weapons
 + Level 1.8 Throwing
 + Level 1.8 Armour
 + Level 4.9 Dodging
 + Level 3.0 Stealth
 + Level 1.8 Shields
 + Level 1.8 Unarmed Combat
 + Level 1.8 Spellcasting
 + Level 1.4 Conjurations
 + Level 1.4 Hexes
 + Level 1.4 Summonings
 + Level 1.4 Necromancy
 + Level 1.4 Translocations
 + Level 1.4 Transmutations
 + Level 1.4 Fire Magic
 + Level 1.4 Ice Magic
 + Level 1.4 Air Magic
 + Level 1.4 Earth Magic
 + Level 1.4 Poison Magic
 + Level 2.0 Invocations
 + Level 1.8 Evocations


You had 7 spell levels left.
You didn't know any spells.
Your spell library was empty.

Dungeon Overview and Level Annotations

Branches:
Dungeon (2/15)

Altars:

Annotations:
D:2 Terence


Innate Abilities, Weirdness & Mutations

You have very sharp teeth.
Your uncanny sense of smell can sniff out nearby items.
Your experience applies equally to all skills.


Message History

The gnoll bouda is moderately wounded.
A gnoll comes into view. It is wielding a +0 flail.
The gnoll bouda hits you with a +0 whip.
The gnoll hits you from afar with a +1 heavy spear.
The gnoll bouda attacks as you move away!
The gnoll bouda hits you with a +0 whip!
The gnoll bouda gazes fiercely through you!
You feel as though you will be weak longer.
The gnoll barely misses you.
The gnoll bouda attacks as you move away!
The gnoll bouda closely misses you.
The gnoll bouda attacks as you move away!
The gnoll bouda hits you with a +0 whip!
* * * LOW HITPOINT WARNING * * *
The gnoll is no longer moving quickly.
The gnoll is no longer moving quickly.
The gnoll bouda attacks as you move away!
The gnoll bouda completely misses you.
The gnoll bouda attacks as you move away!
The gnoll bouda closely misses you.
You barely miss the gnoll bouda.
The gnoll bouda is moderately wounded.
The gnoll is no longer moving quickly.
The gnoll bouda hits you with a +0 whip.
* * * LOW HITPOINT WARNING * * *
The gnoll closely misses you.
The gnoll bouda gazes fiercely through you!
You feel as though you will be weak longer.
The gnoll bouda barely misses you.
The gnoll shouts!
You sock the gnoll bouda! You bite the gnoll bouda.
The gnoll bouda is severely wounded.
The gnoll hits you from afar with a +1 heavy spear.
* * * LOW HITPOINT WARNING * * *
The gnoll bouda misses you.
You barely miss the gnoll bouda. Your bite misses the gnoll bouda.
The gnoll bouda is severely wounded.
The gnoll bouda misses you.
The gnoll hits you from afar with a +1 heavy spear!
You die...

#......#
#...............#.. .
#...##.#
#...#.......###.#.. .
#......# #...#.....>.#
#.# #......#
#...#.......# .#
#......#####...#.......#
#...)†.........g.......#
#.#.).)....g..gg########
∆ #.#...#########g#
#.#...# #@# ...#...# #.#
$..#...# #.# ...#...#
#.# ...#...# #.#
.......+ ..# ..##...#
### ..


You could see a gnoll bouda and 3 gnolls.

Vanquished Creatures
  A scorpion (D:4)
  An orc priest (D:4)
  A hound (D:4)
  2 gnolls (D:4)
  2 adders
  A worm (D:2)
  3 dart slugs
  4 orcs (D:4)
  4 ball pythons
  3 bats (D:1)
  4 endoplasms
  3 giant cockroaches
  3 goblins
  2 hobgoblins (D:1)
  2 jackals (D:1)
  2 kobolds
  A quokka (D:2)
  2 frilled lizards (D:1)
  4 rats (D:1)
45 creatures vanquished.

Notes
Turn   | Place    | Note
-------+----------+-------------------------------------------
     0 | D:1      | rogsnak the Gnoll Hunter began the quest for the Orb.
     0 | D:1      | Reached XP level 1. HP: 20/20 MP: 1/1
    50 | D:1      | Reached XP level 2. HP: 23/26 MP: 2/2
   476 | D:1      | Reached XP level 3. HP: 31/31 MP: 3/3
   644 | D:2      | Reached skill level 1 in Invocations
   713 | D:2      | Noticed Terence
   729 | D:2      | Reached skill level 1 in Short Blades
   729 | D:2      | Reached skill level 1 in Long Blades
   729 | D:2      | Reached skill level 1 in Axes
   729 | D:2      | Reached skill level 1 in Maces & Flails
   729 | D:2      | Reached skill level 1 in Polearms
   729 | D:2      | Reached skill level 1 in Staves
   729 | D:2      | Reached skill level 1 in Throwing
   729 | D:2      | Reached skill level 1 in Armour
   729 | D:2      | Reached skill level 1 in Shields
   729 | D:2      | Reached skill level 1 in Unarmed Combat
   729 | D:2      | Reached skill level 1 in Spellcasting
   729 | D:2      | Reached skill level 1 in Evocations
   730 | D:2      | You fall into a shaft and drop 2 floors!
   807 | D:4      | Reached skill level 1 in Conjurations
   807 | D:4      | Reached skill level 1 in Hexes
   807 | D:4      | Reached skill level 1 in Summonings
   807 | D:4      | Reached skill level 1 in Necromancy
   807 | D:4      | Reached skill level 1 in Translocations
   807 | D:4      | Reached skill level 1 in Transmutations
   807 | D:4      | Reached skill level 1 in Fire Magic
   807 | D:4      | Reached skill level 1 in Ice Magic
   807 | D:4      | Reached skill level 1 in Air Magic
   807 | D:4      | Reached skill level 1 in Earth Magic
   807 | D:4      | Reached skill level 1 in Poison Magic
   807 | D:4      | Reached XP level 4. HP: 23/38 MP: 5/5
   818 | D:4      | Upgraded the game from 0.30-a0-691-g754fce4c43 to
                  | 0.30-a0-696-g2367cd04db
   905 | D:4      | Noticed a scorpion
   922 | D:4      | Killed a scorpion
   923 | D:4      | Reached XP level 5. HP: 27/43 MP: 5/7
  1172 | D:4      | Slain by a gnoll

Illustrated notes

Levels and vault maps discovered:
D:1:      noname_arrival_rooms_in_the_neighbourhood, layout_basic
D:2:      layout_loops_ring, kennysheep_generic_room_4, uniq_crazy_yiuf_cottage,
          uniq_terence
D:4:      layout_basic

Skill      XL: |  1  2  3  4  5 |
---------------+----------------+-----
Invocations    | 1 2 |  2.0
Short Blades   | 1 |  1.8
Long Blades    | 1 |  1.8
Axes           | 1 |  1.8
Maces & Flails | 1 |  1.8
Polearms       | 1 |  1.8
Staves         | 1 |  1.8
Throwing       | 1 |  1.8
Armour         | 1 |  1.8
Shields        | 1 |  1.8
Unarmed Combat | 1 |  1.8
Spellcasting   | 1 |  1.8
Evocations     | 1 |  1.8
Conjurations   | 1 |  1.4
Hexes          | 1 |  1.4
Summonings     | 1 |  1.4
Necromancy     | 1 |  1.4
Translocations | 1 |  1.4
Transmutations | 1 |  1.4
Fire Magic     | 1 |  1.4
Ice Magic      | 1 |  1.4
Air Magic      | 1 |  1.4
Earth Magic    | 1 |  1.4
Poison Magic   | 1 |  1.4
Stealth        | 3 |  3.0
Fighting       | |  4.9
Ranged Weapons | |  8.7
Dodging        | |  4.9

Action                   |  1- 3 |  4- 6 || total
-------------------------+-------+-------++-------
Melee: Morningstar       |       |    15 ||    15
       Bite              |       |     2 ||     2
 Fire: Shortbow          |    65 |    37 ||   102
Armor: Leather armour    |     5 |     4 ||     9
Dodge: Dodged            |     9 |    25 ||    34

Table legend: (Time is in decaauts)
 A = Elapsed time spent in this place.
 B = Non-inter-level travel time spent in this place.
 C = Inter-level travel time spent in this place.
 D = Time resting spent in this place.
 E = Time spent auto-exploring this place.
 F = Levels seen in this place.
 G = Mean time per level.
                   A        B        C        D        E       F      G
               +--------+--------+--------+--------+--------+-----+--------+
         Total |   1185 |   1104 |     81 |     88 |    667 |   3 |  395.0 |
       Dungeon |   1185 |   1104 |     81 |     88 |    667 |   3 |  395.0 |
               +--------+--------+--------+--------+--------+-----+--------+

Top non-repeatable levels by time:
     D:1: 595 daAuts
     D:4: 449 daAuts
     D:2: 141 daAuts
